AoeStats
← L0rdDmbrngr

Yucatan

510858199Analyzed
4v4 RM · 17h ago on Oct 2, 2026· 69m 0s· 8 players
Game mode
Random Map
Map size
Large (8 player)
Population
200
Speed
Normal
Resources
Standard
Victory
Conquest
Starting age
Dark Age
Ending age
Imperial Age
RankedLock teamsTeams togetherTeam positionsShared explorationLock speedFull tech treeHidden civsTurbo modeCheats
Victory
Defeat
🇭🇷 Persians · Croatia
981
+10
🇮🇪 Hindustanis · Ireland
917
+13
🇩🇪 Malians · Germany
846
+16
🇮🇪 Inca · Ireland
841
+16
🇦🇷 Teutons · Argentina
867
-15
🇺🇸 Huns · United States
859
-14
🇨🇳 Mongols · China
841
-14
🇹🇷 Varangians · Türkiye
809
-12
DONtheDON
5:04 Loom
12:37 Feudal Age
14:28 Double-Bit Axe
18:15 Horse Collar
21:37 Castle Age
21:34 Fletching
22:35 Bow Saw
27:00 Bodkin Arrow
28:42 Padded Archer Armor
30:22 Leather Archer Armor
33:08 Pikeman
38:01 Imperial Age
38:17 Capped Ram
39:20 Conscription
41:37 Halberdier
49:17 Parthian Tactics
48:55 Bracer
50:26 Bloodlines
51:58 Cavalier
55:20 Ballistics
56:01 Chemistry
61:53 Town Watch
The-Cyber-Samurai
13:03 Feudal Age
11:22 Loom
15:00 Double-Bit Axe
19:51 Castle Age
20:00 Town Watch
20:49 Forging
20:45 Scale Barding Armor
22:20 Bow Saw
23:34 Husbandry
22:55 Light Cavalry
23:39 Squires
23:55 Pikeman
25:39 Bloodlines
32:33 Stone Mining
32:34 Gold Mining
34:40 Wheelbarrow
34:04 Gold Mining
34:59 Fletching
35:12 Padded Archer Armor
37:41 Iron Casting
37:09 Scale Mail Armor
38:17 Stone Shaft Mining
38:12 Leather Archer Armor
39:42 Horse Collar
46:18 Imperial Age
45:21 Vendel Legacy
46:00 Bodkin Arrow
46:25 Chain Barding Armor
47:24 Conscription
48:01 Bracer
49:02 Blast Furnace
48:38 Plate Barding Armor
47:57 Cavalier
49:57 Ring Archer Armor
50:27 Blast Furnace
49:51 Ballistics
50:33 Chemistry
49:40 Siege Engineers
51:34 Elite Skirmisher
52:22 Gothikon
53:27 Cranequins
53:49 Hussar
56:20 Halberdier
58:23 Chain Mail Armor
59:31 Murder Holes
59:56 Masonry
Pradera Siberiana
1:02 Loom
12:18 Feudal Age
17:53 Castle Age
15:55 Double-Bit Axe
16:47 Stone Mining
18:01 Gold Mining
26:09 Wheelbarrow
25:22 Horse Collar
27:51 Hand Cart
31:41 Imperial Age
30:19 Scale Barding Armor
32:07 Forging
32:46 Bow Saw
32:39 Cavalier
34:24 Conscription
36:28 Paladin
37:47 Iron Casting
37:50 Scale Mail Armor
39:34 Chain Barding Armor
40:27 Chain Mail Armor
41:14 Blast Furnace
40:59 Stone Shaft Mining
45:25 Plate Barding Armor
45:42 Capped Ram
54:33 Bloodlines
57:50 Caravan
60:47 Elite Teutonic Knight
62:02 Elite Skirmisher
64:19 Padded Archer Armor
64:09 Fletching
64:50 Plate Mail Armor
67:38 Ballistics
68:19 Chemistry
67:39 Leather Archer Armor
67:20 Bodkin Arrow
66:47 Pikeman
67:52 Halberdier
69:05 Ring Archer Armor
爱迪生不看
10:14 Feudal Age
15:20 Castle Age
13:25 Double-Bit Axe
13:22 Horse Collar
16:36 Loom
18:23 Wheelbarrow
18:31 Bow Saw
18:23 Heavy Plow
23:35 Gold Mining
25:36 Gold Shaft Mining
25:38 Town Watch
27:53 Fletching
29:10 Bodkin Arrow
29:38 Ballistics
29:35 Bloodlines
29:25 Husbandry
31:42 Padded Archer Armor
34:17 Imperial Age
35:51 Conscription
35:39 Capped Ram
36:20 Pikeman
37:01 Squires
36:46 Arson
37:14 Forging
37:05 Scale Mail Armor
39:41 Iron Casting
39:21 Chain Mail Armor
39:38 Siege Engineers
40:37 Chemistry
39:25 Siege Ram
42:58 Stone Mining
42:58 Elite Mangudai
43:42 Bracer
43:59 Leather Archer Armor
44:45 Nomads
46:09 Stone Shaft Mining
46:18 Hand Cart
57:22 Masonry
61:25 Coinage
66:13 Banking
67:56 Drill
L0rdDmbrngr
0:34 Loom
10:50 Feudal Age
18:26 Castle Age
16:46 Stone Mining
16:40 Horse Collar
16:47 Double-Bit Axe
17:20 Fletching
18:18 Gold Mining
19:40 Town Watch
21:43 Wheelbarrow
21:58 Heavy Plow
24:16 Scale Barding Armor
24:13 Scale Mail Armor
24:24 Forging
29:34 Bow Saw
29:54 Bodkin Arrow
34:16 Imperial Age
32:33 Bloodlines
33:37 Hand Cart
35:25 Chain Barding Armor
34:28 Heavy Camel Rider
35:09 Husbandry
36:13 Conscription
37:23 Chain Mail Armor
37:45 Iron Casting
37:10 Bracer
37:13 Imperial Camel Rider
39:24 Gold Shaft Mining
38:21 Light Cavalry
39:27 Town Patrol
40:09 Plate Barding Armor
41:53 Chemistry
41:05 Masonry
41:16 Ballistics
41:23 Elite Ghulam
43:30 Blast Furnace
42:31 Padded Archer Armor
44:23 Caravan
49:39 Siege Engineers
49:31 Murder Holes
50:36 Hussar
56:47 Grand Trunk Road
aHuRa_zg82
3:02 Loom
11:33 Feudal Age
15:20 Double-Bit Axe
18:50 Castle Age
16:49 Stone Mining
16:45 Horse Collar
26:21 Gold Mining
28:57 Bloodlines
29:34 Husbandry
32:53 Imperial Age
31:51 Scale Barding Armor
32:52 Forging
32:32 Heavy Camel Rider
36:15 Conscription
37:33 Chain Barding Armor
37:49 Iron Casting
39:41 Plate Barding Armor
39:38 Kamandaran
39:46 Crossbowman
40:18 Fletching
40:28 Padded Archer Armor
42:13 Leather Archer Armor
41:54 Bodkin Arrow
43:00 Blast Furnace
42:07 Heavy Plow
43:11 Thumb Ring
43:52 Ring Archer Armor
45:43 Scale Mail Armor
48:33 Chemistry
47:54 Ballistics
55:31 Wheelbarrow
54:43 Town Watch
70:10 Gold Shaft Mining
zyzyx
12:11 Feudal Age
16:17 Castle Age
14:12 Horse Collar
14:44 Double-Bit Axe
19:41 Bow Saw
20:11 Stone Mining
20:21 Loom
21:43 Wheelbarrow
27:38 Heavy Plow
28:00 Scale Mail Armor
28:12 Forging
30:08 Gold Mining
32:42 Gold Shaft Mining
36:36 Imperial Age
34:35 Town Watch
35:09 Fletching
35:37 Chain Mail Armor
36:09 Bloodlines
37:43 Iron Casting
39:19 Conscription
41:58 Hand Cart
41:25 Treadmill Crane
42:47 Chemistry
42:07 Ballistics
41:59 Masonry
42:58 Iron Casting
42:54 Plate Mail Armor
42:20 Bodkin Arrow
42:31 Scale Barding Armor
42:30 Husbandry
41:51 Cavalier
42:41 Bloodlines
44:41 Hoardings
44:54 Town Patrol
47:09 Elite Gbeto
49:58 Farimba
56:45 Stone Shaft Mining
58:24 Chain Barding Armor
62:18 Plate Barding Armor
62:32 Architecture
61:58 Murder Holes
CHIKN9476
3:24 Loom
17:26 Feudal Age
17:53 Town Watch
18:32 Arson
19:43 Double-Bit Axe
19:39 Horse Collar
19:51 Stone Mining
19:57 Gold Mining
20:36 Scale Mail Armor
20:47 Forging
21:33 Wheelbarrow
21:01 Champi Runner
27:44 Castle Age
28:42 Squires
29:27 Iron Casting
29:08 Chain Mail Armor
29:17 Bow Saw
29:08 Heavy Plow
29:24 Town Patrol
48:32 Imperial Age
48:55 Elite Kamayuk
59:01 Fabric Shields
69:08 Blast Furnace
68:38 Plate Mail Armor
Connection lost

Rejoining the realm…

Still unreachable

The connection could not be restored.

Session expired

The server has moved on; the page needs a fresh start.